 Dungeon Sprint DCSS version 0.17-a0-1987-gaf5a542 (webtiles) character file.

87542 Kidiri the Imperceptible (level 14, -2/55 (59) HPs)
             Began as a Spriggan Enchanter on Oct 6, 2015.
             Was the Champion of Dithmenos.
             Killed by a guardian mummy's death curse (24 damage)
             ... in the Dungeon (Sprint III: "The Ten Rune Challenge").
             The game lasted 00:38:10 (9114 turns).

Kidiri the Imperceptible (Spriggan Enchanter)       Turns: 9114, Time: 00:38:10

HP:   -2/55 (59)    AC:  5    Str:  4    XL:     14   Next: 53%
MP:   39/42         EV: 38    Int: 23    God:    Dithmenos [******]
Gold: 101           SH:  0    Dex: 21    Spells: 10 memorised, 3 levels left

rFire  + + .     SeeInvis +     f - +10 dagger of Numa {pierce, -Tele rF+ MR+ Int+2}
rCold  + . .     Clarity  .     F - +2 robe {rC+ rF+}
rNeg   + + +     SustAt   .     (shield restricted)
rPois  +         Gourm    .     v - +1 hat
rElec  .         Spirit   .     I - -2 cloak "Tiym" {rN++ MR- rCorr SInv}
rCorr  +         Warding  +     (gloves unavailable)
rMut   .         NoTele   +     (boots unavailable)
MR     ++...                    j - amulet of Musujah {Ward rN+ Slay+4}
Stlth  ++++++++++               K - ring of magical power
                                e - ring of flight

@: wreathed by umbra, very quick, very resistant to hostile enchantments,
uncannily stealthy
A: unfitting armour, antennae 1, see invisible, agile 2, herbivore 3, speed 3,
low mp 1, poison resistance, slow metabolism 2, spit poison 1
a: Spit Poison, Shadow Step, Shadow Form, Renounce Religion, Evoke Flight
}: 2/10 runes: decaying, barnacled


You were in the Dungeon.
You worshipped Dithmenos.
Dithmenos was exalted by your worship.
You were not hungry.

You visited 1 branch You collected 1404 gold pieces.
You spent 1303 gold pieces at shops.

Inventory:

Hand Weapons
 f - the +10 dagger of Numa (weapon) {pierce, -Tele rF+ MR+ Int+2}
   (You found it in the Dungeon)

   It inflicts extra damage upon your enemies.
   It affects your intelligence (+2).
   It protects you from fire.
   It affects your resistance to hostile enchantments.
   It prevents most forms of teleportation.
 A - the +9 dagger of Chilly Death {flash freeze, rPois rF- rC++ MR+}
   (You took it off a deep elf high priest in the Dungeon)

   It has been specially enchanted to freeze those struck by it, causing extra
   injury to most foes and up to half again as much damage against particularly
   susceptible opponents.
   It can also slow down cold-blooded creatures.
   It makes you vulnerable to fire.
   It greatly protects you from cold.
   It protects you from poison.
   It affects your resistance to hostile enchantments.
Missiles
 t - 10 throwing nets (quivered)
Armour
 v - a +1 hat (worn)
 F - a +2 robe of resistance (worn)
 I - the -2 cloak "Tiym" (worn) {rN++ MR- rCorr SInv}
   (You found it in the Dungeon)

   It greatly protects you from negative energy.
   It affects your resistance to hostile enchantments.
   It lets you see invisible.
   It protects you from acid and corrosion.
Jewellery
 e - a ring of flight (left hand)
 j - the amulet of Musujah (around neck) {Ward rN+ Slay+4}
   (You took it off a deep elf death mage in the Dungeon)

   [amulet of warding]

   It may prevent the melee attacks of summoned creatures.
   It affects your accuracy and damage with ranged weapons and melee attacks
   (+4).
   It protects you from negative energy.
 z - an uncursed ring of positive energy
 K - a ring of magical power (right hand)
Wands
 k - a wand of invisibility (5)
Scrolls
 b - 4 scrolls of silence {unknown}
 l - 2 scrolls of holy word
 n - 3 scrolls of remove curse
 q - a scroll of torment
 y - 2 scrolls of amnesia {unknown}
Potions
 c - a potion of might
 g - a potion of haste
 h - 2 potions of magic
 i - 2 potions of berserk rage
 p - 4 potions of cure mutation
 s - 2 potions of flight
 u - a potion of lignification
 D - a potion of curing
Books
 x - a book of Burglary

   Spells                             Type                      Level
   a - Swiftness                      Charms/Air                   2
   b - Passwall                       Transmutation/Earth          3
   c - Passage of Golubria            Translocation                4
   d - Lee's Rapid Deconstruction     Earth                        5
   e - Darkness                       Hexes                        6
   f - Invisibility                   Hexes                        6
Comestibles
 o - 9 fruits
 r - 26 royal jellies


   Skills:
 * Level 16.8 Short Blades
 + Level 8.9 Armour
 * Level 20.8 Dodging
 * Level 22.6 Stealth
 * Level 18.0 Spellcasting
 + Level 8.3 Conjurations
 + Level 13.8 Hexes
 + Level 5.3 Transmutations
 + Level 9.6 Ice Magic
 + Level 9.4 Air Magic
 + Level 8.2 Earth Magic
 + Level 10.7 Poison Magic
 - Level 3.0 Invocations


You had 3 spell levels left.
You knew the following spells:

 Your Spells              Type           Power        Failure   Level  Hunger
a - Corona                Hex            ######.      0%          1    None
b - Ensorcelled Hibernat  Hex/Ice        ######       1%          2    None
c - Confuse               Hex            ######..     1%          3    None
d - Tukima's Dance        Hex            ######..     1%          3    None
e - Dazzling Spray        Conj/Hex       ######..     1%          3    None
f - Poison Arrow          Conj/Pois      ######....   10%         6    ####...
g - Chain Lightning       Conj/Air       ######....   100%        8    #######
h - Lehudib's Crystal Sp  Conj/Erth      ######....   100%        8    #######
i - Glaciate              Conj/Ice       ######....   100%        9    #######
j - Passwall              Trmt/Erth      ######....   1%          3    None


Dungeon Overview and Level Annotations

Branches:
Dungeon (1/1)

Altars:
Cheibriados
Dithmenos
Elyvilon
Fedhas
Gozag
Kikubaaqudgha
Makhleb
Nemelex Xobeh
Okawaru
Qazlal
Ru
Sif Muna
Trog
Vehumet
Xom
Yredelemnul
Zin
The Shining One
Jiyva
Lugonu

Shops:
D :(?=[?}:=[%?(?!}:[=

Annotations:
D Chuck


Innate Abilities, Weirdness & Mutations

You are tiny and cannot use many weapons and most armour.
You have supernaturally acute eyesight.
You are a herbivore.
You cover ground extremely quickly.
You need consume almost no food.
You have a pair of small antennae on your head.
You are very agile. (Dex +4)
Your magical capacity is low (-10% MP).
Your system is resistant to poisons.
You can spit weak poison.


Message History

Your Spellcasting skill increases to level 18!
Really walk into that bolt trap?
A bolt shoots out and misses you.
There is a bolt trap here.
You hear a distant "Zot"!
You start resting.
Casting: Dazzling Spray
Confirm with . or Enter, or press ? or * to list all spells.
Aiming: Dazzling Spray
Press: ? - help, Shift-Dir - straight line, f - guardian mummy
Aim: a guardian mummy (heavily damaged, umbra)
The spray of energy hits the guardian mummy.
The guardian mummy is severely damaged.
Your shadow mimicks your spell!
The shadow shard hits the guardian mummy.
You destroy the guardian mummy!
Dithmenos accepts your kill.
You feel extremely nervous for a moment...
You convulse helplessly as pain tears through your body!
You die...

############..............#^.#
*,*≈≈≈≈≈≈**################..#
**+*,≈≈,≈*,#.................#
,***,,,,≈*,▓'▓▓▓▓▓▓▓▓▓▓▓▓▓▓▓▓▓
,+,,,,,,,,{▓..#...§§....M,,,,*
,*****,,≈*{▓^.#...§M.....,,,,*
**,,,**,≈*,▓..#^§########**,,*
**,*,,**+**▓..#..#{{,,,,,,*,,*
**,**,**,,,▓^.#.@#,,,,,,,,*,,*
+*,**,****,▓..#..#,,,,,,,,*,,*
*,,**,,,,,,▓..#..#{,,,,,,,*,,*
*******+***▓.^#..#+********,,*
*,,+≈⌠,,,≈{▓..#.^#,,,,,,,,,,,*
+,,*≈≈,≈,≈{▓..'..#,,,,,,,,,,,*
*,,*,≈,≈,≈,▓######************
*,,*,,,≈,,,*******************
*******+****,+,,,,*,,+,,,*,,,*


There were no monsters in sight!

Vanquished Creatures
  Sigmund (D)
  Rupert (D)
  A deep elf blademaster (D)
  2 sphinxes (D)
  A kraken (D)
  Gastronok (D)
  Maud (D)
  2 deep elf demonologists (D)
  2 deep elf annihilators (D)
  2 dire elephants (D)
  A deep elf death mage (D)
  A fire dragon (D)
  6 mummy priests (D)
  A yaktaur captain (D)
  Erolcha (D)
  A deep elf high priest (D)
  3 hydras (D)
  4 ice dragons (D)
  2 alligator snapping turtles (D)
  4 dancing weapons (D)
  4 death yaks (D)
  A centaur warrior (D)
  A deep elf knight (D)
  2 skeletal warriors (D)
  A spriggan druid (D)
  A death drake (D)
  A deep troll (shapeshifter) (D)
  A lindwurm (D)
  A deep elf conjurer (D)
  An ugly thing (D)
  4 crystal guardians (D)
  An eye of devastation (shapeshifter) (D)
  2 elephants (D)
  2 black mambas (D)
  Edmund (D)
  An orange crystal statue (D)
  2 spiny frogs (D)
  4 deep elf priests (D)
  A fire drake (D)
  3 wandering mushrooms (D)
  A komodo dragon (D)
  A queen bee (D)
  4 spriggan defenders (D)
  An orc high priest (D)
  4 slime creatures (D)
  8 blink frogs (D)
  4 snapping turtles (D)
  A slime creature (shapeshifter) (D)
  2 spriggans (D)
  A shadow (D)
  2 trapdoor spiders (D)
  4 redbacks (D)
  A spatial vortex (D)
  2 hill giants (D)
  A hydra simulacrum (D)
  A necrophage (D)
  A swamp drake (D)
  3 two-headed ogres (D)
  2 brain worms (D)
  A water elemental (D)
  32 killer bees (D)
  An electric eel (D)
  A jelly (D)
  5 orc priests (D)
  A wizard (D)
  A necromancer (D)
  5 orc wizards (D)
  A wolf (D)
  3 humans (D)
  A kobold demonologist (D)
  2 swamp drake simulacra (D)
  11 orcs (D)
  4 rats (D)
  2 fungi (D)
  4 plants (D)
192 creatures vanquished.

Vanquished Creatures (collateral kills)
  2 skeletal warriors (D)
2 creatures vanquished.

Vanquished Creatures (others)
  2 draconian scorchers (D)
  3 yaktaurs (D)
  2 guardian mummies (D)
  A bush (D)
  A fungus (D)
  5 plants (D)
  10 tentacles (D)
  117 tentacle segments (D)
141 creatures vanquished.

Grand Total: 335 creatures vanquished

Notes
Turn   | Place    | Note
--------------------------------------------------------------
     0 | D        | Kidiri the Spriggan Enchanter began the quest for the Orb.
     0 | D        | Reached XP level 1. HP: 9/9 MP: 5/5
    51 | D        | Noticed a wolf
    54 | D        | Killed a wolf
    54 | D        | Reached skill level 1 in Armour
    54 | D        | Reached skill level 6 in Stealth
    54 | D        | Reached XP level 2. HP: 13/13 MP: 6/8
    54 | D        | Reached XP level 3. HP: 16/16 MP: 6/9
    74 | D        | Learned a level 2 spell: Ensorcelled Hibernation
    78 | D        | Learned a level 3 spell: Confuse
    82 | D        | Learned a level 3 spell: Tukima's Dance
    98 | D        | Reached skill level 5 in Dodging
   121 | D        | Gained mutation: You have a pair of small antennae on your head. [potion of mutation]
   121 | D        | Gained mutation: Your magical capacity is low (-10% MP). [potion of mutation]
   121 | D        | Gained mutation: You are agile. (Dex +2) [potion of mutation]
   122 | D        | Gained mutation: You are very agile. (Dex +4) [potion of mutation]
   130 | D        | Noticed a water elemental
   133 | D        | Killed a water elemental
   133 | D        | Reached skill level 7 in Stealth
   133 | D        | Reached skill level 5 in Spellcasting
   133 | D        | Reached skill level 1 in Ice Magic
   133 | D        | Reached XP level 4. HP: 21/21 MP: 11/11
   145 | D        | Noticed a jelly
   146 | D        | Noticed a shadow
   148 | D        | Killed a shadow
   148 | D        | Reached skill level 5 in Short Blades
   148 | D        | Reached skill level 8 in Dodging
   148 | D        | Reached skill level 9 in Stealth
   148 | D        | Reached skill level 5 in Hexes
   148 | D        | Reached XP level 5. HP: 24/24 MP: 11/13
   159 | D        | Killed a jelly
   159 | D        | Reached XP level 6. HP: 3/28 MP: 8/15
   164 | D        | Learned a level 3 spell: Dazzling Spray
   235 | D        | Killed a white draconian scorcher
   250 | D        | Killed a white draconian scorcher
   287 | D        | Killed a yaktaur
   437 | D        | Found a stormy altar of Qazlal.
   437 | D        | Noticed a spatial vortex
   438 | D        | Found a sacrificial altar of Ru.
   438 | D        | Found a burning altar of Makhleb.
   438 | D        | Found a viscous altar of Jiyva.
   438 | D        | Found a shimmering altar of Xom.
   438 | D        | Found a shadowy altar of Dithmenos.
   438 | D        | Found a sparkling altar of Nemelex Xobeh.
   438 | D        | Found a corrupted altar of Lugonu.
   438 | D        | Found an opulent altar of Gozag.
   442 | D        | Became a worshipper of Dithmenos the Shadowed
   490 | D        | Killed a spatial vortex
   490 | D        | Reached skill level 10 in Stealth
   490 | D        | Reached skill level 1 in Invocations
   594 | D        | Killed a yaktaur
   617 | D        | Found a radiant altar of Vehumet.
   618 | D        | Found a deep blue altar of Sif Muna.
   618 | D        | Found an ancient bone altar of Kikubaaqudgha.
   618 | D        | Noticed a wizard
   619 | D        | Killed a wizard
   619 | D        | Reached skill level 1 in Conjurations
   640 | D        | Learned a level 6 spell: Poison Arrow
   650 | D        | Found a glowing silver altar of Zin.
   651 | D        | Found a glowing golden altar of the Shining One.
   651 | D        | Found a white marble altar of Elyvilon.
   651 | D        | Noticed a deep elf priest
   654 | D        | Killed a deep elf priest
   654 | D        | Reached skill level 11 in Stealth
   654 | D        | Reached skill level 1 in Poison Magic
   654 | D        | Reached XP level 7. HP: 32/32 MP: 15/18
   672 | D        | Killed a yaktaur
   675 | D        | Found an iron altar of Okawaru.
   676 | D        | Found a bloodstained altar of Trog.
   676 | D        | Noticed a human
   676 | D        | Noticed a human
   681 | D        | Killed a human
   681 | D        | Reached skill level 10 in Dodging
   682 | D        | Killed a human
   709 | D        | Found a basalt altar of Yredelemnul.
   709 | D        | Found a snail-covered altar of Cheibriados.
   709 | D        | Found a blossoming altar of Fedhas.
   709 | D        | Noticed a necrophage
   709 | D        | Noticed a necromancer
   711 | D        | Killed a necrophage
   711 | D        | Acquired Dithmenos's first power
   711 | D        | Reached XP level 8. HP: 36/36 MP: 20/20
   712 | D        | Killed a necromancer
   736 | D        | Noticed a two-headed ogre
   736 | D        | Noticed a two-headed ogre
   742 | D        | Killed a two-headed ogre
   742 | D        | Reached skill level 12 in Stealth
   746 | D        | Noticed a two-headed ogre
   746 | D        | Killed a two-headed ogre
   748 | D        | Killed a two-headed ogre
   748 | D        | Acquired Dithmenos's second power
   766 | D        | Learned a level 8 spell: Chain Lightning
   795 | D        | Noticed a hill giant
   798 | D        | Killed a hill giant
   803 | D        | Noticed a hill giant
   803 | D        | Noticed Erolcha
   805 | D        | Killed Erolcha
   805 | D        | Reached skill level 13 in Stealth
   805 | D        | Reached skill level 10 in Spellcasting
   805 | D        | Reached XP level 9. HP: 39/39 MP: 20/22
   806 | D        | Killed a hill giant
   819 | D        | Noticed a redback
   820 | D        | Noticed a trapdoor spider
   823 | D        | Killed a trapdoor spider
   823 | D        | Acquired Dithmenos's third power
   857 | D        | Killed a redback
   889 | D        | Noticed a trapdoor spider
   892 | D        | Killed a trapdoor spider
   937 | D        | Noticed a killer bee
   937 | D        | Noticed a killer bee
   937 | D        | Noticed a killer bee
   937 | D        | Noticed a killer bee
   937 | D        | Noticed a killer bee
   937 | D        | Noticed a killer bee
   937 | D        | Noticed a queen bee
   937 | D        | Noticed a killer bee
   937 | D        | Noticed a killer bee
   937 | D        | Noticed a killer bee
   937 | D        | Noticed a killer bee
   937 | D        | Noticed a killer bee
   937 | D        | Noticed a killer bee
   937 | D        | Noticed a killer bee
   937 | D        | Noticed a killer bee
   938 | D        | Noticed a killer bee
   938 | D        | Noticed a killer bee
   938 | D        | Noticed a killer bee
   938 | D        | Noticed a killer bee
   938 | D        | Noticed a killer bee
   938 | D        | Noticed a killer bee
   938 | D        | Noticed a killer bee
   938 | D        | Noticed a killer bee
   938 | D        | Noticed a killer bee
   938 | D        | Noticed a killer bee
   938 | D        | Noticed a killer bee
   938 | D        | Noticed a killer bee
   938 | D        | Noticed a killer bee
   938 | D        | Noticed a killer bee
   938 | D        | Noticed a killer bee
   938 | D        | Noticed a killer bee
   938 | D        | Noticed a killer bee
   938 | D        | Noticed a killer bee
   943 | D        | Killed a killer bee
   947 | D        | Killed a killer bee
   949 | D        | Killed a killer bee
   949 | D        | Acquired Dithmenos's fourth power
   951 | D        | Killed a killer bee
   953 | D        | Killed a killer bee
   953 | D        | Reached skill level 14 in Stealth
   957 | D        | Killed a killer bee
  1091 | D        | Killed a killer bee
  1093 | D        | Killed a killer bee
  1095 | D        | Killed a killer bee
  1097 | D        | Killed a killer bee
  1099 | D        | Killed a killer bee
  1099 | D        | Reached skill level 10 in Short Blades
  1099 | D        | Reached skill level 5 in Ice Magic
  1101 | D        | Killed a killer bee
  1103 | D        | Killed a killer bee
  1105 | D        | Killed a killer bee
  1107 | D        | Killed a killer bee
  1109 | D        | Killed a killer bee
  1111 | D        | Killed a killer bee
  1250 | D        | Killed a killer bee
  1256 | D        | Killed a killer bee
  1259 | D        | Killed a killer bee
  1259 | D        | Reached skill level 5 in Poison Magic
  1261 | D        | Killed a killer bee
  1263 | D        | Killed a killer bee
  1263 | D        | Reached skill level 5 in Armour
  1263 | D        | Killed a killer bee
  1265 | D        | Killed a killer bee
  1401 | D        | Killed a killer bee
  1407 | D        | Killed a killer bee
  1407 | D        | Reached XP level 10. HP: 40/44 MP: 10/23
  1413 | D        | Killed a killer bee
  1420 | D        | Killed a killer bee
  1548 | D        | Killed a killer bee
  1551 | D        | Killed a killer bee
  1558 | D        | Killed a queen bee
  1561 | D        | Killed a killer bee
  1598 | D        | Killed a killer bee
  1711 | D        | Noticed a wandering mushroom
  1714 | D        | Noticed a wandering mushroom
  1714 | D        | Noticed a wandering mushroom
  1715 | D        | Killed a wandering mushroom
  1715 | D        | Reached skill level 15 in Stealth
  1719 | D        | Killed a wandering mushroom
  1724 | D        | Killed a wandering mushroom
  1843 | D        | Noticed a spiny frog
  1843 | D        | Noticed a komodo dragon
  1843 | D        | Noticed a spiny frog
  1847 | D        | Killed a spiny frog
  1854 | D        | Killed a spiny frog
  1858 | D        | Killed a komodo dragon
  1886 | D        | Noticed a redback
  1888 | D        | Killed a redback
  1889 | D        | Noticed a brain worm
  1892 | D        | Killed a brain worm
  1965 | D        | Noticed a brain worm
  1967 | D        | Killed a brain worm
  1970 | D        | Noticed a lindwurm
  1972 | D        | Noticed a redback
  1973 | D        | Killed a lindwurm
  1975 | D        | Killed a redback
  1980 | D        | Noticed a redback
  1981 | D        | Killed a redback
  1982 | D        | Noticed Maud
  1984 | D        | Killed Maud
  1984 | D        | Reached skill level 16 in Stealth
  1984 | D        | Reached skill level 10 in Hexes
  1984 | D        | Reached XP level 11. HP: 47/47 MP: 25/25
  1999 | D        | Learned a level 8 spell: Lehudib's Crystal Spear
  1999 | D        | Noticed an electric eel
  2000 | D        | Noticed an eight-headed hydra
  2000 | D        | Noticed a five-headed hydra
  2002 | D        | Killed an electric eel
  2004 | D        | Killed an eight-headed hydra
  2005 | D        | Killed a five-headed hydra
  2005 | D        | Reached skill level 1 in Earth Magic
  2059 | D        | Noticed a death drake
  2061 | D        | Killed a death drake
  2061 | D        | Reached skill level 5 in Conjurations
  2061 | D        | Reached skill level 5 in Air Magic
  2086 | D        | Found a blossoming altar of Fedhas.
  2086 | D        | Noticed a spriggan
  2086 | D        | Noticed a spriggan druid
  2086 | D        | Noticed a spriggan
  2088 | D        | Killed a spriggan druid
  2088 | D        | Reached skill level 15 in Dodging
  2089 | D        | Killed a spriggan
  2089 | D        | Reached skill level 17 in Stealth
  2090 | D        | Killed a spriggan
  2117 | D        | Noticed a snapping turtle
  2118 | D        | Noticed a kraken
  2118 | D        | Noticed a snapping turtle
  2118 | D        | Noticed a snapping turtle
  2118 | D        | Noticed an alligator snapping turtle
  2119 | D        | Killed a snapping turtle
  2143 | D        | Killed a kraken
  2237 | D        | Noticed an alligator snapping turtle
  2237 | D        | Noticed a snapping turtle
  2237 | D        | Found Janoecse Ong's Gadget Boutique.
  2237 | D        | Found Xetzad's Magic Scroll Shop.
  2237 | D        | Found Egasulao's Antique Armour Emporium.
  2238 | D        | Killed a snapping turtle
  2421 | D        | Killed a snapping turtle
  2535 | D        | Killed an alligator snapping turtle
  2537 | D        | Killed an alligator snapping turtle
  2559 | D        | Killed a snapping turtle
  2681 | D        | Got a barnacled rune of Zot
  2835 | D        | Noticed a swamp drake
  2835 | D        | Noticed a fire drake
  2836 | D        | Killed a fire drake
  2838 | D        | Killed a swamp drake
  2850 | D        | Noticed a blink frog
  2850 | D        | Noticed a blink frog
  2850 | D        | Noticed a blink frog
  2850 | D        | Noticed a blink frog
  2851 | D        | Noticed a blink frog
  2853 | D        | Killed a blink frog
  2860 | D        | Killed a blink frog
  2860 | D        | Reached skill level 18 in Stealth
  2861 | D        | Killed a blink frog
  2863 | D        | Killed a blink frog
  2863 | D        | Reached XP level 12. HP: 41/51 MP: 9/27
  2870 | D        | Killed a blink frog
  2978 | D        | Noticed Rupert
  2980 | D        | Killed Rupert
  3001 | D        | Noticed a death yak
  3002 | D        | Noticed a death yak
  3002 | D        | Noticed a blink frog
  3003 | D        | Noticed an azure jelly
  3003 | D        | Noticed a death yak
  3003 | D        | Noticed an azure jelly
  3003 | D        | Noticed a blink frog
  3003 | D        | Noticed a death yak
  3004 | D        | Killed a death yak
  3005 | D        | Killed a death yak
  3006 | D        | Killed a blink frog
  3007 | D        | Noticed a blink frog
  3007 | D        | Noticed a black mamba
  3008 | D        | Killed a death yak
  3009 | D        | Noticed a black mamba
  3010 | D        | Killed a death yak
  3011 | D        | Killed a blink frog
  3012 | D        | Killed a blink frog
  3014 | D        | Killed a black mamba
  3014 | D        | Reached skill level 19 in Stealth
  3015 | D        | Killed a black mamba
  3026 | D        | Noticed an azure jelly
  3026 | D        | Noticed an azure jelly
  3059 | D        | Noticed an ice dragon
  3069 | D        | Killed an ice dragon
  3079 | D        | Noticed an ice dragon
  3079 | D        | Noticed an ice dragon
  3101 | D        | Killed an ice dragon
  3149 | D        | Killed an ice dragon
  3190 | D        | Found Lenk's Book Shoppe.
  3190 | D        | Found Jalotyf's Antique Weapon Boutique.
  3191 | D        | Noticed an ice dragon
  3195 | D        | Found Narph's Magic Scroll Emporium.
  3452 | D        | Killed an ice dragon
  3452 | D        | Reached skill level 15 in Spellcasting
  3452 | D        | Reached skill level 5 in Earth Magic
  3576 | D        | Bought a scroll of magic mapping for 42 gold pieces
  3679 | D        | Noticed a six-headed hydra
  3679 | D        | Noticed a six-headed hydra simulacrum
  3681 | D        | Killed a six-headed hydra
  3684 | D        | Killed a six-headed hydra simulacrum
  3686 | D        | Got a decaying rune of Zot
  3801 | D        | Noticed an elephant
  3801 | D        | Noticed an elephant
  3801 | D        | Noticed a dire elephant
  3801 | D        | Noticed a dire elephant
  3801 | D        | Noticed Gastronok
  3803 | D        | Killed Gastronok
  3804 | D        | Killed a dire elephant
  3806 | D        | Killed a dire elephant
  3806 | D        | Reached XP level 13. HP: 55/55 MP: 28/30
  3812 | D        | Killed an elephant
  3815 | D        | Killed an elephant
  3829 | D        | Gained mutation: Your system is resistant to poisons. [potion of mutation]
  3829 | D        | Gained mutation: You can spit weak poison. [potion of mutation]
  3829 | D        | Gained mutation: Your flesh is heat resistant. [potion of mutation]
  3862 | D        | Learned a level 9 spell: Glaciate
  4072 | D        | Noticed Sigmund
  4072 | D        | Noticed Edmund
  4074 | D        | Killed Sigmund
  4074 | D        | Reached skill level 20 in Stealth
  4075 | D        | Killed Edmund
  4097 | D        | Noticed an orc priest
  4097 | D        | Noticed an orc priest
  4098 | D        | Noticed an orc high priest
  4098 | D        | Noticed an orc priest
  4099 | D        | Killed an orc priest
  4100 | D        | Killed an orc priest
  4102 | D        | Killed an orc priest
  4103 | D        | Killed an orc high priest
  4222 | D        | Noticed an orange crystal statue
  4224 | D        | Noticed a spriggan defender
  4225 | D        | Noticed a spriggan defender
  4225 | D        | Noticed a spriggan defender
  4225 | D        | Noticed a spriggan defender
  4226 | D        | Killed a spriggan defender
  4227 | D        | Killed a spriggan defender
  4229 | D        | Killed a spriggan defender
  4230 | D        | Killed a spriggan defender
  4359 | D        | Noticed a slime creature
  4359 | D        | Noticed a slime creature
  4364 | D        | Killed a slime creature
  4366 | D        | Killed a slime creature
  4370 | D        | Noticed a slime creature
  4372 | D        | Killed a slime creature
  4419 | D        | Noticed a centaur warrior
  4423 | D        | Killed a centaur warrior
  4423 | D        | Reached skill level 15 in Short Blades
  4452 | D        | Noticed a slime creature
  4456 | D        | Noticed a fire dragon
  4456 | D        | Killed a slime creature
  4459 | D        | Killed a fire dragon
  4588 | D        | Noticed a dire flail of protection
  4588 | D        | Noticed a short sword of distortion
  4589 | D        | Noticed a trident of freezing
  4590 | D        | Noticed a halberd of flaming
  4591 | D        | Killed a trident of freezing
  4593 | D        | Killed a halberd of flaming
  4595 | D        | Killed a dire flail of protection
  4606 | D        | Killed a short sword of distortion
  4873 | D        | Killed an orange crystal statue
  5016 | D        | Found Goeb's Antique Weapon Emporium.
  5016 | D        | Found Popheh's Distillery.
  5016 | D        | Found Uwnamul's Food Boutique.
  5016 | D        | Found Yrumia's Jewellery Shoppe.
  5016 | D        | Found Bopnio's Magic Scroll Boutique.
  5016 | D        | Found Noaseam's Magic Scroll Emporium.
  5016 | D        | Found Muible's Antique Armour Shoppe.
  5016 | D        | Found Migrec's Antique Armour Shop.
  5016 | D        | Found Fotuh's Jewellery Shop.
  5016 | D        | Found Teitel's Book Emporium.
  5016 | D        | Found Cubatebo's Book Emporium.
  5016 | D        | Found Zupeisop's Gadget Boutique.
  5139 | D        | Found Tyraisy's Jewellery Boutique.
  5139 | D        | Noticed an orc wizard
  5139 | D        | Noticed an orc wizard
  5139 | D        | Noticed an orc wizard
  5139 | D        | Noticed an orc priest
  5140 | D        | Noticed an orc priest
  5140 | D        | Noticed an orc wizard
  5140 | D        | Noticed an orc wizard
  5141 | D        | Killed an orc priest
  5143 | D        | Killed an orc wizard
  5146 | D        | Killed an orc wizard
  5149 | D        | Killed an orc wizard
  5152 | D        | Killed an orc priest
  5161 | D        | Killed an orc wizard
  5161 | D        | Killed an orc wizard
  5311 | D        | Bought a book of Burglary for 750 gold pieces
  5321 | D        | Noticed a crystal guardian
  5321 | D        | Noticed a crystal guardian
  5321 | D        | Noticed a crystal guardian
  5323 | D        | Noticed a crystal guardian
  5324 | D        | Killed a crystal guardian
  5327 | D        | Killed a crystal guardian
  5327 | D        | Reached skill level 21 in Stealth
  5330 | D        | Killed a crystal guardian
  5333 | D        | Killed a crystal guardian
  5414 | D        | Noticed a deep elf knight
  5414 | D        | Noticed a deep elf priest
  5414 | D        | Noticed a deep elf priest
  5414 | D        | Noticed a deep elf conjurer
  5414 | D        | Noticed a deep elf priest
  5420 | D        | Noticed a deep elf demonologist
  5422 | D        | Killed a deep elf priest
  5423 | D        | Killed a deep elf conjurer
  5425 | D        | Killed a deep elf priest
  5427 | D        | Killed a deep elf priest
  5428 | D        | Killed a deep elf knight
  5429 | D        | Noticed a deep elf annihilator
  5443 | D        | Noticed a deep elf annihilator
  5447 | D        | Killed a deep elf demonologist
  5916 | D        | Noticed a deep elf demonologist
  5918 | D        | Noticed a deep elf death mage
  5918 | D        | Killed a deep elf demonologist
  5921 | D        | Noticed a deep elf blademaster
  5925 | D        | Killed a deep elf annihilator
  6077 | D        | Killed a deep elf annihilator
  6156 | D        | Learned a level 3 spell: Passwall
  6235 | D        | Noticed a deep elf high priest
  6379 | D        | Killed a deep elf death mage
  6379 | D        | Reached skill level 10 in Poison Magic
  6379 | D        | Reached XP level 14. HP: 42/59 MP: 17/32
  6379 | D        | Lost mutation: Your flesh is heat resistant. [a neqoxec]
  6381 | D        | Killed a deep elf high priest
  6381 | D        | Reached skill level 1 in Transmutations
  6666 | D        | Bought a scroll of blinking for 90 gold pieces
  6667 | D        | Bought a scroll of blinking for 97 gold pieces
  6667 | D        | Bought a scroll of holy word for 97 gold pieces
  7068 | D        | Bought an uncursed ring of flight for 227 gold pieces
  7348 | D        | Got a bound brass amulet
  7349 | D        | Got a warped chain mail
  7426 | D        | Identified the amulet of Musujah {Ward rN+ Slay+4} (You took it off a deep elf death mage in the Dungeon)
  7447 | D        | Killed a deep elf blademaster
  7468 | D        | Identified the Handbook of Clay
  7472 | D        | Got an encrusted cloak
  7501 | D        | Identified the -2 cloak "Tiym" {rN++ MR- rCorr SInv} (You found it in the Dungeon)
  7729 | D        | Noticed a yaktaur captain
  7729 | D        | Noticed an eye of devastation
  7729 | D        | Noticed a slime creature
  7731 | D        | Killed an eye of devastation
  7734 | D        | Killed a slime creature
  7776 | D        | Killed a yaktaur captain
  7791 | D        | Noticed a brown ugly thing
  7798 | D        | Killed a brown ugly thing
  7941 | D        | Noticed a skeletal warrior
  7941 | D        | Noticed a skeletal warrior
  7941 | D        | Noticed a skeletal warrior
  7941 | D        | Noticed a skeletal warrior
  7956 | D        | Killed a skeletal warrior
  7973 | D        | Killed a skeletal warrior
  8248 | D        | Killed a skeletal warrior
  8248 | D        | Reached skill level 22 in Stealth
  8309 | D        | Noticed Chuck
  8311 | D        | Noticed a deep troll
  8313 | D        | Killed a deep troll
  8373 | D        | Killed a skeletal warrior
  8546 | D        | Noticed an ancient lich
  8559 | D        | Got a bloodstained dagger
  8604 | D        | Identified the +10 dagger of Numa {pierce, -Tele rF+ MR+ Int+2} (You found it in the Dungeon)
  8634 | D        | Noticed a mummy priest
  8634 | D        | Noticed a guardian mummy
  8644 | D        | Killed a mummy priest
  8709 | D        | Killed a guardian mummy
  8812 | D        | Noticed a sphinx
  8812 | D        | Noticed a sphinx
  8814 | D        | Killed a sphinx
  8815 | D        | Killed a sphinx
  8841 | D        | Noticed a mummy priest
  8841 | D        | Noticed a mummy priest
  8842 | D        | Noticed a guardian mummy
  8842 | D        | Noticed a mummy priest
  8842 | D        | Noticed a mummy priest
  8843 | D        | Killed a mummy priest
  8844 | D        | Killed a mummy priest
  8995 | D        | Killed a mummy priest
  8995 | D        | Reached skill level 5 in Transmutations
  8997 | D        | Killed a mummy priest
  9010 | D        | Killed a guardian mummy
  9101 | D        | Noticed a mummy priest
  9101 | D        | Noticed a mummy priest
  9103 | D        | Noticed a guardian mummy
  9104 | D        | Killed a mummy priest
  9114 | D        | Killed a guardian mummy
  9114 | D        | Killed by a guardian mummy's death curse

Vault maps used:
D:        dungeon_sprint_mu

Action                   |  1- 3 |  4- 6 |  7- 9 | 10-12 | 13-15 || total
-------------------------+-------+-------+-------+-------+-------++-------
Melee: Dagger            |     7 |    28 |    55 |   206 |   216 ||   512
       Short sword       |       |       |       |       |    29 ||    29
 Cast: Ensorcelled Hiber |     1 |     2 |    37 |    23 |    10 ||    73
       Dazzling Spray    |       |     3 |     9 |    35 |    87 ||   134
       Confuse           |       |       |       |     7 |       ||     7
       Passwall          |       |       |       |       |     4 ||     4
       Tukima's Dance    |       |       |       |       |     9 ||     9
       Poison Arrow      |       |       |       |       |     8 ||     8
Invok: Shadow Step       |       |       |       |    12 |     7 ||    19
 Abil: Evoke Flight      |       |       |       |       |     3 ||     3
  Use: Scroll            |     2 |       |       |     1 |     4 ||     7
       Potion            |     2 |       |       |       |     5 ||     7
 Stab: Sleeping          |     7 |     5 |    32 |    48 |    48 ||   140
       Invisible         |       |       |     2 |     1 |     3 ||     6
       Confused          |       |       |       |     5 |       ||     5
  Eat: Bread ration      |       |       |       |     1 |       ||     1
       Fruit             |       |       |       |       |     3 ||     3
